 Dungeon Crawl Stone Soup version 0.32-a0-520-g344ed53f66 (webtiles) character file.

Game seed: 4019462897026405315

7 lunkers the Digger (level 1, -1/14 HPs)
             Began as a Mountain Dwarf Earth Elementalist on Feb 27, 2024.
             Slain by a jackal (3 damage)
             ... on level 1 of the Dungeon.
             The game lasted 00:00:24 (78 turns).

lunkers the Digger (MDEE)                             Turns: 78, Time: 00:00:24

Health: -1/14      AC:  2    Str: 10    XL:     1   Next: 83%
Magic:  1/3        EV: 11    Int: 15    God:
Gold:   14         SH:  0    Dex: 10    Spells: 2/3 levels left

rFire   . . .        (no weapon)
rCold   . . .        (no shield)
rNeg    . . .        a - +0 robe
rPois   .            (no helmet)
rElec   .            (no cloak)
rCorr   .            (no gloves)
SInv    .            (no boots)
Will    .....        (no amulet)
Stlth   ++           (no ring)
HPRegen 0.22/turn    (no ring)
MPRegen 0.08/turn

%: no passive effects
@: no status effects
A: runic magic, artefact enchanting
a: no special abilities


You were on level 1 of the Dungeon.
You visited 1 branch of the dungeon, and saw 1 of its levels.

You collected 14 gold pieces.

Inventory:

Armour
 a - a +0 robe (worn)
Potions
 b - a potion of magic


   Skills:
 - Level 1.3 Dodging
 - Level 1.4 Stealth
 - Level 1.7 Spellcasting
 - Level 0.8 Conjurations
 * Level 3.8 Earth Magic


You had 2 spell levels left.
You knew the following spells:

 Your Spells              Type           Power      Damage    Failure   Level
a - Sandblast             Erth           24%        2d8       4%          1

Your spell library contained the following spells:

 Spells                   Type           Power      Damage    Failure   Level
 Passwall                 Erth           12%        N/A       14%         3
 Stone Arrow              Conj/Erth      16%        3d8       26%         3
 Brom's Barrelling Bould  Conj/Erth      8%         2d3       65%         4
 Petrify                  Alch/Erth      7%         N/A       71%         4


Dungeon Overview and Level Annotations

Branches:
Dungeon (1/15)

Altars:


Innate Abilities, Weirdness & Mutations

Your spellcasting is much less encumbered by armour.
You can use scrolls of enchantment on lesser artefacts.


Message History

The blast of sand hits the jackal.
The jackal is almost dead.
The jackal bites you but does no damage.
The quokka barely misses you. The jackal bites you.
* * * LOW HITPOINT WARNING * * *
The quokka barely misses you.
Unknown command.
You hit the jackal.
You kill the jackal!
A jackal comes into view.
The quokka bites you.
* * * LOW HITPOINT WARNING * * *
Unknown command.
You closely miss the quokka. The quokka completely misses you.
The frilled lizard bites you but does no damage.
Unknown command.
You barely miss the quokka. The quokka bites you.
* * * LOW HITPOINT WARNING * * *
The frilled lizard closely misses you.
You hit the quokka but do no damage. The quokka closely misses you.
The frilled lizard barely misses you.
Unknown command.
You barely miss the quokka. The quokka bites you.
* * * LOW HITPOINT WARNING * * *
The frilled lizard barely misses you. The quokka bites you.
* * * LOW HITPOINT WARNING * * *
You don't have enough magic to cast this spell.
Unknown command.
Unknown command.
The frilled lizard barely misses you. The jackal bites you.
* * * LOW HITPOINT WARNING * * *
The jackal misses you.
The jackal bites you but does no damage.
The frilled lizard attacks as it pursues you!
The frilled lizard barely misses you. The jackal attacks as it pursues you!
The jackal bites you but does no damage.
The jackal bites you.
You die...

#.. #.. #.. ###.##
.....## #. #...######
#..# #....lh@#
#...##....r##...#
##....##### ....#
#...#.# .....#
#.####..##.# .....#
..........## .....#
.[#######.(####.....##
.. ##...........#
##.#####.....#...


You could see a quokka, a jackal and a frilled lizard.

Vanquished Creatures
  2 endoplasms (D:1)
  A goblin (D:1)
  2 jackals (D:1)
5 creatures vanquished.

Notes
Turn   | Place    | Note
-------+----------+-------------------------------------------
     0 | D:1      | lunkers the Mountain Dwarf Earth Elementalist began the
                  | quest for the Orb.
     0 | D:1      | Reached XP level 1. HP: 14/14 MP: 3/3
    78 | D:1      | Slain by a jackal

Illustrated notes

Levels and vault maps discovered:
D:1:      psy_arrival_whirlpool, layout_rooms

Action                     || total
---------------------------++-------
  Melee: Unarmed           ||     8
   Cast: Sandblast         ||     6
 Armour: Robe              ||    17
  Dodge: Dodged            ||    17

Table legend: (Time is in decaauts)
 A = Elapsed time spent in this place.
 B = Non-inter-level travel time spent in this place.
 C = Inter-level travel time spent in this place.
 D = Time resting spent in this place.
 E = Time spent auto-exploring this place.
 F = Levels seen in this place.
 G = Mean time per level.
                   A        B        C        D        E       F      G
               +--------+--------+--------+--------+--------+-----+--------+
         Total |     82 |     82 |      0 |      0 |     37 |   1 |   82.0 |
       Dungeon |     82 |     82 |      0 |      0 |     37 |   1 |   82.0 |
               +--------+--------+--------+--------+--------+-----+--------+

Top non-repeatable levels by time:
     D:1: 82 daAuts
